 Dungeon Crawl Stone Soup version 0.28-a0-1447-ga5a8893891 (webtiles) character file.

Game seed: 6321547578541314633

96 bladeefan the Skirmisher (level 4, -7/35 HPs)
             Began as a Demonspawn Fighter on Jan 11, 2022.
             Killed by divine providence
             ... invoked by an orc priest
              (10 damage)
             ... on level 3 of the Dungeon.
             The game lasted 00:03:12 (2837 turns).

bladeefan the Skirmisher (Demonspawn Fighter)       Turns: 2837, Time: 00:03:12

Health: -7/35      AC: 10    Str: 19    XL:     4   Next: 41%
Magic:  4/4        EV:  5    Int:  9    God:
Gold:   137        SH: 12    Dex: 12    Spells: 3/3 levels left

rFire   . . .      SeeInvis .   a - +0 flail
rCold   . . .      Faith    .   l - +0 tower shield
rNeg    . . .      Spirit   .   b - +0 scale mail
rPois   .          Reflect  .   (no helmet)
rElec   .          Harm     .   (no cloak)
rCorr   .          Rampage  .   (no gloves)
Will    .....                   e - +2 pair of boots
Stlth   ..........              (no amulet)
HPRegen 0.11/turn               (no ring)
MPRegen 0.09/turn               (no ring)

@: no status effects
A: weakness stinger 1
a: no special abilities


You were on level 3 of the Dungeon.
You visited 1 branch of the dungeon, and saw 3 of its levels.

You collected 137 gold pieces.

Inventory:

Hand Weapons
 a - a +0 flail (weapon)
Armour
 b - a +0 scale mail (worn)
 e - a +2 pair of boots (worn)
   (You found it on level 1 of the Dungeon)
 g - an orb of light
   (You found it on level 1 of the Dungeon)
 l - a +0 tower shield (worn)
   (You found it on level 3 of the Dungeon)
Scrolls
 f - a scroll of enchant weapon {unknown}
 h - a scroll of summoning {unknown}
 j - a scroll of amnesia {unknown}
 k - a scroll of fear {unknown}
Potions
 d - a potion of might
 i - a potion of flight {unknown}


   Skills:
 + Level 3.5 Fighting
 * Level 3.0 Maces & Flails
 + Level 3.2 Armour
 + Level 3.1 Shields


You had 3 spell levels left.
You didn't know any spells.
Your spell library contained the following spells:

 Spells                   Type           Power      Damage    Failure   Level
 Ensorcelled Hibernation  Hex/Ice        0%         N/A       100%        2
 Passwall                 Tmut/Erth      0%         N/A       100%        2
 Swiftness                Air            0%         N/A       100%        3
 Summon Lightning Spire   Summ/Air       0%         N/A       100%        4
 Storm Form               Tmut/Air       0%         N/A       100%        7
 Maxwell's Capacitive Co  Air            0%         ∞         100%        8


Dungeon Overview and Level Annotations

Branches:
Dungeon (3/15)

Altars:


Innate Abilities, Weirdness & Mutations

You have a small tail.


Message History

Things that are here:
a +0 halberd; a gnoll corpse You see here a +0 buckler.
You start resting.
You feel a little less mighty now.
Key pressed, stopping explore.
There is a stone staircase leading down here.
Key pressed, stopping explore.
Key pressed, stopping explore.
There is an open door here.
You open the door.
Found a scroll labelled WITULA JIGUI.
There is an open door here.
A frilled lizard comes into view.
The frilled lizard hisses angrily.
A frilled lizard is nearby!
A frilled lizard is nearby!
You see here a scroll labelled WITULA JIGUI.
An orc priest comes into view. It is wielding a +0 club.
The orc priest shouts!
You hear a shout! x2
An orc priest comes into view. It is wielding a +0 dagger.
The orc priest shouts!
The frilled lizard bites you but does no damage.
The orc priest moves out of view.
An orc comes into view. It is wielding a +0 hand axe.
You hit the frilled lizard.
You kill the frilled lizard!
An orc priest comes into view. It is wielding a +0 hand axe.
You block the orc priest's attack.
You hit the orc priest but do no damage.
The orc priest hits you but does no damage.
You barely miss the orc priest.
An orc wizard comes into view. It is wielding a +0 dagger.
The orc priest barely misses you. x2
The orc priest invokes the aid of Beogh against you.
Beogh smites you!
The orc wizard shouts!
You closely miss the orc priest.
The orc priest invokes the aid of Beogh against you.
Beogh smites you!
* * * LOW HITPOINT WARNING * * *
The orc priest completely misses you.
The orc priest calls down the wrath of Beogh upon you.
Beogh smites you!
* * * LOW HITPOINT WARNING * * *
The orc closely misses you.
The orc priest hits you but does no damage.
The orc priest mumbles some strange prayers to Beogh against you.
Beogh smites you!
You die...

#.#######......########.
'.......'......'........
##.####.#......######...
#.#......# #...
#.#......# #...
#.#...#### #... #.#...#
#... ##+###?#...# #...
#.....@#...# #...
#......##### ######.
#...oo.# #......
#...o..# #......
#......# #......
#.....o# #......
###....o ####### #......
#.......


You could see 3 orc priests, an orc wizard and an orc.

Vanquished Creatures
  4 gnolls (D:3)
  2 adders
  2 dart slugs (D:2)
  5 endoplasms
  A giant cockroach (D:2)
  4 goblins
  A hobgoblin (D:1)
  2 ball pythons
  5 bats
  4 frilled lizards
  6 kobolds
  5 rats
41 creatures vanquished.

Vanquished Creatures (others)
  A demonic plant (D:1)
  34 plants (D:2)
35 creatures vanquished.

Grand Total: 76 creatures vanquished

Notes
Turn   | Place    | Note
-------+----------+-------------------------------------------
     0 | D:1      | bladeefan the Demonspawn Fighter began the quest for the
                  | Orb.
     0 | D:1      | Reached XP level 1. HP: 18/18 MP: 1/1
   913 | D:1      | Found a faded altar of an unknown god.
   947 | D:1      | Gained mutation: You have a small tail. [demonic ancestry]
   947 | D:1      | Reached XP level 2. HP: 24/24 MP: 2/2
  1664 | D:2      | Reached XP level 3. HP: 28/29 MP: 3/3
  2444 | D:3      | Reached XP level 4. HP: 25/35 MP: 4/4
  2837 | D:3      | Killed from afar by an orc priest

Illustrated notes

Levels and vault maps discovered:
D:1:      amcnicky_arrival_wind_blow, layout_basic,
          shapermc_ecumenical_altar_gd, minmay_misc_feat_five
D:2:      layout_rooms, serial_bayou, serial_bayou_lagoon_a,
          serial_bayou_shore_a, serial_bayou_pond_e, serial_bayou_shore_b
D:3:      layout_basic

Skill      XL: |  1  2  3  4 |
---------------+-------------+-----
Maces & Flails | 2 3 |  3.0
Armour         | 3 |  3.2
Shields        | 3 |  3.1
Fighting       | |  3.5

Action                   |  1- 3 |  4- 6 || total
-------------------------+-------+-------++-------
Melee: Flail             |   109 |    15 ||   124
       Tailslap          |     8 |     1 ||     9
  Use: Scroll            |     1 |       ||     1
       Potion            |       |     1 ||     1
Armor: Scale mail        |    51 |     6 ||    57
Dodge: Dodged            |    38 |     7 ||    45
Block: Buckler           |    18 |       ||    18
       Tower shield      |    15 |     7 ||    22

Table legend: (Time is in decaauts)
 A = Elapsed time spent in this place.
 B = Non-inter-level travel time spent in this place.
 C = Inter-level travel time spent in this place.
 D = Time resting spent in this place.
 E = Time spent auto-exploring this place.
 F = Levels seen in this place.
 G = Mean time per level.
                   A        B        C        D        E       F      G
               +--------+--------+--------+--------+--------+-----+--------+
         Total |   2915 |   2883 |     32 |    279 |   2155 |   3 |  971.7 |
       Dungeon |   2915 |   2883 |     32 |    279 |   2155 |   3 |  971.7 |
               +--------+--------+--------+--------+--------+-----+--------+

Top non-repeatable levels by time:
     D:1: 1209 daAuts
     D:2: 1082 daAuts
     D:3: 623 daAuts
